 Dungeon Crawl Stone Soup version 0.22.1-2-g9c5b331383 (webtiles) character file.

91 EvilAshe the Sneak (level 4, -2/36 HPs)
             Began as a Naga Air Elementalist on Dec 14, 2018.
             Killed from afar by Natasha (10 damage)
             ... with a magic dart
             ... on level 3 of the Dungeon.
             The game lasted 00:05:42 (1895 turns).

EvilAshe the Sneak (Naga Air Elementalist)          Turns: 1895, Time: 00:05:42

Health: -2/36      AC:  3    Str: 10    XL:     4   Next: 59%
Magic:  6/7        EV:  9    Int: 16    God:
Gold:   92         SH:  0    Dex: 12    Spells: 7/8 levels left

rFire    . . .     SeeInvis +   d - +2 short sword (elec)
rCold    . . .     Gourm    .   (no shield)
rNeg     . . .     Faith    .   g - +0 leather armour (curse)
rPois    +         Spirit   .   (no helmet)
rElec    .         Reflect  .   f - +0 cloak
rCorr    .         Harm     .   (no gloves)
MR       .....                  (no barding)
Stlth    ++........             (no amulet)
HPRegen  0.12/turn              (no ring)
MPRegen  0.10/turn              (no ring)

@: very slow
A: large, see invisible, deformed body, poison resistance, slowness 2, slow
metabolism 1, spit poison 1, AC +1
a: Spit Poison


You were on level 3 of the Dungeon.
You were hungry.

You visited 1 branch of the dungeon, and saw 3 of its levels.

You collected 92 gold pieces.

Inventory:

Hand Weapons
 d - a +2 short sword of electrocution (weapon)
   (You took it off a kobold on level 1 of the Dungeon)
Armour
 f - a +0 cloak (worn)
   (You found it on level 1 of the Dungeon)
 g - a cursed +0 leather armour (worn)
   (You found it on level 1 of the Dungeon)
Scrolls
 a - 5 scrolls of teleportation {unknown}
 b - 2 scrolls of identify {unknown}
 i - a scroll of remove curse {unknown}
Potions
 c - a potion of haste {unknown}
 h - a potion of agility {unknown}
 k - a potion of lignification {unknown}
 l - a potion of curing {unknown}
Comestibles
 e - 2 rations {!d}
 j - 3 chunks of flesh


   Skills:
 + Level 2.1 Dodging
 + Level 4.0 Stealth
 + Level 2.5 Spellcasting
 + Level 1.7 Conjurations
 * Level 3.8 Air Magic


You had 7 spell levels left.
You knew the following spells:

 Your Spells              Type           Power        Failure   Level  Hunger
a - Shock                 Conj/Air       ##..         9%          1    #......

Your spell library contained the following spells:

 Spells                   Type           Power        Failure   Level  Hunger
 Swiftness                Chrm/Air       #.......     19%         2    ##.....
 Static Discharge         Conj/Air       ##......     26%         3    ###....
 Airstrike                Air            ##........   47%         4    #####..
 Lightning Bolt           Conj/Air       ##........   93%         5    ######.


Dungeon Overview and Level Annotations

Branches:
Dungeon (2/15)

Altars:
Trog
Xom

Annotations:
D:3 Natasha


Innate Abilities, Weirdness & Mutations

You cannot wear boots.
Your serpentine skin is tough. (AC +1)
You have supernaturally acute eyesight. (SInv)
Armour fits poorly on your strangely shaped body.
Your system is resistant to poisons. (rPois)
You cover ground very slowly.
You have a slow metabolism.
You can spit poison.


Message History

You kill Natasha!
Natasha screams in pain as she dies!
The iron imp disappears in a puff of smoke!
Your Stealth skill increases to level 4!
You can't do that yet.
A kobold comes into view.
The adder bites you.
* * * LOW HITPOINT WARNING * * *
There is an open door here.
You hit the adder. Lightning courses through the adder!
You kill the adder!
You have got your breath back.
Natasha, Servant of Life and Death comes into view.
You see here the felid corpse of Natasha.
You see here a club.
The zap hits the worm.
The zap hits Natasha. x2
The zap hits the worm.
The zap hits Natasha. x2; Natasha appears unharmed.
You are feeling hungry.
Natasha casts a spell.
The worm bites you.
* * * LOW HITPOINT WARNING * * *
Aim: a worm (lightly wounded)
The splash of poison hits the worm.
The worm is poisoned.
You feel slightly more hungry.
Natasha wildly gestures.
You feel troubled.
Natasha casts a spell.
Found a ring mail and a ration.
Natasha casts a spell.
A bat comes into view.
You have got your breath back.
Found a hunting sling.
The worm looks more healthy.
The white imp shouts, "Slither home, thou baffled full-gorged nert!"
You see here a ration {!d}.
A frilled lizard comes into view.
The white imp disappears in a puff of smoke!
Natasha casts a spell.
A bat and a rat come into view.
The crimson imp blinks!
The bat moves out of view.
Natasha casts a spell at you. You resist with some effort.
Natasha casts a spell at you. You resist with some effort.
Found a smoky pink potion.
Aim: a worm The zap misses Natasha.
The zap hits the worm.
Natasha casts a spell at you. The magic dart hits you!
You die...

#.#.#.#.#.#.
.#+#.#.#.#.#.#
....#.#.#.#.#. .#
...+#.#.#.#.# ##
.#..!..#.#.#.#.#.
#.#.#.#.#+#.#.#.#ยง#.#
#.#.#.#.#.#.#.#.#.#.
#.#.#.#.#.#.#.#.#.#
#@#.#.#.#.5%#.#.#r
#.#.#.#.#h#.#.#.#.#
#.#.#.#.#.#w#.#.#.#.
#.#.#.#h#.#.#.#.#.#.#
##.#.#.#.#.#.#.#.#.#.
#.#.#.#.#w#.#.#l#.#.#
##.#+#+#+#.#.#.#.#.#.
..# #.#r#.#.#.# ###
#.#.#.#.#.


You could see a worm and Natasha.

Vanquished Creatures
  Natasha (D:3)
  2 adders
  A worm (D:3)
  3 leopard geckos
  An orc (D:3)
  A giant cockroach (D:1)
  3 goblins (D:2)
  5 hobgoblins (D:1)
  7 jackals
  6 kobolds (D:1)
  A quokka (D:2)
  2 bats (D:1)
  3 frilled lizards
  2 rats (D:1)
38 creatures vanquished.

Notes
Turn   | Place    | Note
-------+----------+-------------------------------------------
     0 | D:1      | EvilAshe the Naga Air Elementalist began the quest for the
                  | Orb.
     0 | D:1      | Reached XP level 1. HP: 15/15 MP: 3/3
   278 | D:1      | Reached XP level 2. HP: 22/22 MP: 3/5
  1097 | D:1      | Reached XP level 3. HP: 28/28 MP: 2/6
  1705 | D:2      | Found a shimmering altar of Xom.
  1706 | D:2      | Found a bloodstained altar of Trog.
  1781 | D:2      | You fall through a shaft!
  1859 | D:3      | Noticed Natasha
  1863 | D:3      | Reached XP level 4. HP: 14/36 MP: 5/7
  1867 | D:3      | Killed Natasha
  1867 | D:3      | Reached skill level 4 in Stealth
  1869 | D:3      | Noticed Natasha
  1895 | D:3      | Killed from afar by Natasha

Skill      XL: |  1  2  3  4 |
---------------+-------------+-----
Dodging        | 2 |  2.1
Stealth        | 4 |  4.0
Spellcasting   | |  2.5
Conjurations   | |  1.7
Air Magic      | |  3.8

Action                   |  1- 3 |  4- 6 || total
-------------------------+-------+-------++-------
Melee: Short sword       |    23 |     4 ||    27
 Cast: Shock             |    31 |     4 ||    35
 Abil: Spit Poison       |    18 |     2 ||    20
  Eat: Chunk             |     3 |       ||     3
Armor: Leather armour    |     5 |       ||     5
Dodge: Dodged            |     7 |       ||     7
